 Zot Defence DCSS version 0.15.2 (webtiles) character file.

1463 Slime the Slicer (level 9, -12/56 HPs)
             Began as a Halfling Fighter on Jan 1, 2017.
             Was an Initiate of Okawaru.
             Killed by an exploding giant spore (30 damage)
             ... summoned by the player character
             ... set off by their pet
             ... in the Realm of Zot (Scenario I: Hall of Zot).
             The game lasted 00:08:12 (1617 turns).

Slime the Slicer (Halfling Fighter)                 Turns: 1617, Time: 00:08:13

HP -12/56        AC  8     Str 19      XL: 9   Next:  5%
MP   9/9         EV 10     Int  7      God: Okawaru [......]
Gold 0           SH  0     Dex 14      Spells:  0 memorised,  8 levels left

rFire  . . .     SeeInvis .     a - +0 cutlass
rCold  . . .     Clarity  .     b - +0 scale mail
rNeg   . . .     rCorr    .     c - +0 buckler
rPois  .         rRot     .     (no helmet)
rElec  .         Spirit   .     (no cloak)
SustAb .         Warding  .     (no gloves)
rMut   .         Stasis   .     (no boots)
Gourm  .                        (no amulet)
MR     .....                    (no ring)
                                (no ring)

@: confused, not resistant to hostile enchantments, extremely unstealthy
A: mutation resistance 1
a: Make oklob sapling, Make arrow trap, Make plant, Remove Curse, Make burning
bush, Make altar, Make grenades, Make oklob plant, Make net trap, Make ice
statue, Renounce Religion


You were in the Realm of Zot.
You worshipped Okawaru.
Okawaru was noncommittal.
You were not hungry.

You visited 1 branch

Inventory:

Hand weapons
 a - a +0 cutlass (weapon)
 m - a +2 dagger of protection
Armour
 b - a +0 scale mail (worn)
 c - a +0 buckler (worn)
Comestibles
 f - a bread ration
Scrolls
 k - a scroll of blinking
Potions
 d - 2 potions of curing
 e - a potion of might
 g - a potion of heal wounds
 h - a potion of haste
 i - 2 potions of magic
 j - a potion of berserk rage


   Skills:
 - Level 3.0 Fighting
 - Level 10.0 Short Blades
 + Level 8.6 Armour
 - Level 3.5 Shields


You had 8 spell levels left.
You didn't know any spells.

Dungeon Overview and Level Annotations

Branches:
    Zot (1/1)

Altars:
Okawaru

Annotations:
Zot Ijyb


Innate Abilities, Weirdness & Mutations

You are small and have problems with some larger weapons.
You are somewhat resistant to further mutation.


Message History

The explosion of spores engulfs your giant spore.
Your giant spore explodes!
The explosion of spores engulfs your giant spore.
Your giant spore explodes!
You hear an explosion!
Your Armour skill increases to level 8!
You feel a bit more experienced.
You hear an explosion!
You have reached level 9!
Your experience leads to an increase in your attributes!
Increase (S)trength, (I)ntelligence, or (D)exterity?
You feel stronger.
Your Zot abilities now extend through the making of ice statues.
You feel a bit more experienced.
The explosion of spores engulfs your giant spore.
Your giant spore explodes!
The explosion of spores engulfs you!
You are confused.
Ouch! That really hurt!
You die...

#............(# ##..............
##...........## #...............
#...§.).....# #...............
##.....(.....## #...............
#.............# #...............
#.....vg_...).## #...............
.......y.......###*..............
..###########...###..............
%## ##.^@.##............. ##
###*................
##############....
####............. #
###................ ##
##.................. .# ▓▓▓▓▓▓▓▓▓
#...................
.▓▓▓.......▓▓▓...................
.▓▓.........▓▓...................


You could see a friendly giant spore.

Vanquished Creatures
  A naga (Zot)
  2 worker ants (Zot)
  An orc priest (Zot)
  An orc wizard (Zot)
  An ooze (Zot)
  A hobgoblin (Zot)
  A jackal (Zot)
  2 kobolds (Zot)
  2 bats (Zot)
  3 giant newts (Zot)
  4 goblins (Zot)
  3 rats (Zot)
22 creatures vanquished.

Vanquished Creatures (collateral kills)
  A slime creature (Zot)
  2 vampire mosquitoes (Zot)
  A phantom (Zot)
  3 giant frogs (Zot)
  3 insubstantial wisps (Zot)
  A hound (Zot)
  A hobgoblin (Zot)
  A ball python (Zot)
  2 bats (Zot)
  6 giant spores (Zot)
  3 kobolds (Zot)
24 creatures vanquished.

Vanquished Creatures (others)
  2 oklob saplings (Zot)
  A giant spore (Zot)
3 creatures vanquished.

Grand Total: 49 creatures vanquished

Notes
Turn   | Place    | Note
--------------------------------------------------------------
     0 | Zot      | Slime, the Halfling Fighter, began the quest for the Orb.
     0 | Zot      | Reached XP level 1. HP: 15/15 MP: 1/1
   209 | Zot      | Reached XP level 2. HP: 18/20 MP: 2/2
   314 | Zot      | Reached XP level 3. HP: 26/26 MP: 3/3
  1081 | Zot      | Reached skill level 4 in Short Blades
  1081 | Zot      | Reached XP level 4. HP: 31/31 MP: 4/4
  1100 | Zot      | Noticed a phantom
  1116 | Zot      | Reached skill level 6 in Short Blades
  1116 | Zot      | Reached XP level 5. HP: 30/36 MP: 5/5
  1177 | Zot      | Reached skill level 7 in Short Blades
  1177 | Zot      | Reached XP level 6. HP: 16/42 MP: 6/6
  1179 | Zot      | Killed a phantom
  1179 | Zot      | Reached skill level 8 in Short Blades
  1183 | Zot      | Became a worshipper of Warmaster Okawaru
  1318 | Zot      | Noticed Gyahoxt
  1342 | Zot      | Killed Gyahoxt the naga
  1342 | Zot      | Reached skill level 9 in Short Blades
  1342 | Zot      | Reached XP level 7. HP: 33/46 MP: 7/7
  1394 | Zot      | Reached skill level 10 in Short Blades
  1581 | Zot      | Reached XP level 8. HP: 44/52 MP: 8/8
  1585 | Zot      | Noticed a vampire mosquito
  1591 | Zot      | Noticed a slime creature
  1595 | Zot      | Killed a vampire mosquito
  1595 | Zot      | Reached skill level 5 in Armour
  1600 | Zot      | Noticed Ijyb
  1616 | Zot      | Killed a slime creature
  1617 | Zot      | Reached XP level 9. HP: 18/56 MP: 9/9
  1617 | Zot      | Killed by an exploding giant spore... set off by their pet

Action                   |  1- 3 |  4- 6 |  7- 9 || total
-------------------------+-------+-------+-------++-------
Melee: Cutlass           |    62 |    67 |    12 ||   141
 Abil: Make oklob saplin |     1 |     1 |       ||     2
       Make arrow trap   |     1 |       |       ||     1
       Make altar        |       |     1 |       ||     1
       Make grenades     |       |       |     6 ||     6
  Use: Potion            |       |       |     1 ||     1
 Stab: Distracted        |       |     2 |       ||     2
